 Dungeon Crawl Stone Soup version 0.28-a0-529-g3bad584f25 (webtiles) character file.

Game seed: 1339332257311807469

153 bande the Shield-Bearer (level 5, -17/49 HPs)
             Began as a Gargoyle Fighter on Sept 25, 2021.
             Demolished by an ogre (23 damage)
             ... on level 4 of the Dungeon.
             The game lasted 00:04:39 (2721 turns).

bande the Shield-Bearer (Gargoyle Fighter)          Turns: 2721, Time: 00:04:39

Health: -17/49     AC: 14    Str: 20    XL:     5   Next: 35%
Magic:  5/5        EV:  9    Int: 11    God:
Gold:   50         SH:  4    Dex: 10    Spells: 4/4 levels left

rFire   . . .      SeeInvis .   a - +1 war axe
rCold   . . .      Faith    .   c - +0 buckler
rNeg    + . .      Spirit   .   b - +0 scale mail
rPois   ∞          Reflect  .   e - +1 helmet {Int+3}
rElec   +          Harm     .   (no cloak)
rCorr   .          Rampage  .   l - +0 pair of gloves
Will    .....                   (no boots)
Stlth   ..........              (no amulet)
HPRegen 0.16/turn               (no ring)
MPRegen 0.09/turn               (no ring)

@: berserking, very quick
A: sickness immunity, AC +4, negative energy resistance 1, electricity
resistance, torment resistance 1, petrification resistance
a: no special abilities


You were on level 4 of the Dungeon.
You visited 1 branch of the dungeon, and saw 4 of its levels.

You collected 110 gold pieces.
You spent 60 gold pieces at shops.

Inventory:

Hand Weapons
 a - a +1 war axe (weapon)
 g - a +2 flail of protection
Armour
 b - a +0 scale mail (worn)
 c - a +0 buckler (worn)
 e - a +1 helmet of intelligence (worn)
 l - a +0 pair of gloves (worn)
Scrolls
 j - a scroll of teleportation
Potions
 d - a potion of might
 h - a potion of resistance
 i - a potion of haste


   Skills:
 + Level 4.1 Fighting
 + Level 3.1 Axes
 + Level 4.2 Armour
 + Level 4.2 Shields


You had 4 spell levels left.
You didn't know any spells.
Your spell library contained the following spells:

 Spells                   Type           Power      Damage    Failure   Level
 Apportation              Tloc           0%         N/A       67%         1
 Static Discharge         Conj/Air       0%         N/A       82%         2
 Dispel Undead            Necr           0%         3d6       100%        4
 Sticky Flame             Conj/Fire      0%         2d3       100%        4
 Alistair's Intoxication  Tmut/Pois      0%         N/A       100%        5
 Invisibility             Hex            0%         N/A       100%        6


Dungeon Overview and Level Annotations

Branches:
Dungeon (4/15)
 Temple: D:4-7

Altars:
Trog

Shops:
D:3 !


Innate Abilities, Weirdness & Mutations

You are immune to sickness and miasma.
Your stone body is resilient. (AC +4)
You are immune to poison.
You resist negative energy. (rN+)
You are resistant to electric shocks. (rElec)
You are resistant to unholy torment.
You are immune to petrification.


Message History

There is an entrance to a sewer on this level.
Hurry and find it before the portal rusts away!
Found 10 gold pieces.
There is a stone staircase leading up here.
As you read the scroll labelled JYGHYG FORGHIMU, it crumbles to dust.
It is a scroll of enchant armour.
Your +0 helmet of intelligence glows green for a moment.
You now have 50 gold pieces (gained 10).
A hobgoblin comes into view.
A hobgoblin is nearby!
An ogre comes into view. It is wielding a +0 giant spiked club.
Found an escape hatch in the floor.
The hobgoblin shouts!
The ogre shouts!
Found a scroll of teleportation.
Found an escape hatch in the ceiling.
The ogre hits you with a +0 giant spiked club!!
Ouch! That really hurt!
You are too injured to fight recklessly!
You are too injured to fight recklessly!
You are too injured to fight recklessly!
You are too injured to fight recklessly!
You are too injured to fight recklessly!
You are too injured to fight recklessly!
You are too injured to fight recklessly!
You are too injured to fight recklessly!
You are too injured to fight recklessly!
You are too injured to fight recklessly!
You are too injured to fight recklessly!
You feel much better.
You completely miss the ogre. The ogre hits you but does no damage.
You closely miss the ogre.
The ogre hits you with a +0 giant spiked club!!
Ouch! That really hurt!
* * * LOW HITPOINT WARNING * * *
A red film seems to cover your vision as you go berserk!
You feel yourself moving faster!
You feel mighty! You block the ogre's attack.
You slash the ogre!
The ogre is heavily wounded.
You slash the hobgoblin!
You kill the hobgoblin!
The ogre hits you with a +0 giant spiked club!!
You die...

##...........<
##..............
#...............
#...............
##...............
#................
#................
#................
##.......#@.....?.
#......<###O...>..
#.......# .......
#......## #......
##....## ......
#...## ...... ####
##... ###


You could see an ogre.

Vanquished Creatures
  An orc priest (D:3)
  A hound skeleton (D:3)
  2 gnolls (D:1)
  3 adders
  A worm (D:2)
  2 dart slugs
  6 orcs
  6 bats
  5 endoplasms
  5 goblins
  3 hobgoblins
  4 jackals
  3 quokkas
  4 ball pythons
  4 frilled lizards
  4 kobolds
  3 rats
57 creatures vanquished.

Vanquished Creatures (others)
  10 plants (D:3)
10 creatures vanquished.

Grand Total: 67 creatures vanquished

Notes
Turn   | Place    | Note
-------+----------+-------------------------------------------
     0 | D:1      | bande the Gargoyle Fighter began the quest for the Orb.
     0 | D:1      | Reached XP level 1. HP: 14/14 MP: 1/1
    75 | D:1      | Reached XP level 2. HP: 19/19 MP: 2/2
   466 | D:1      | Reached XP level 3. HP: 17/24 MP: 3/3
  1124 | D:2      | Reached XP level 4. HP: 24/29 MP: 4/4
  1221 | D:2      | Found a bloodstained altar of Trog.
  1649 | D:3      | Found Qoseim's Distillery.
  1657 | D:3      | Bought a potion of heal wounds for 60 gold pieces
  1848 | D:3      | Reached XP level 5. HP: 33/33 MP: 5/5
  2714 | D:4      | Noticed an ogre
  2721 | D:4      | Demolished by an ogre

Illustrated notes

Levels and vault maps discovered:
D:1:      ncdulo_watergridlock, layout_loops_ring
D:2:      layout_basic, basic_altar
D:3:      wad_lake_hut, layout_loops_cross, serial_shops, shop
D:4:      layout_cave_pods, lemuel_doored_altar, cheibrodos_sewer_entry_bend,
          minmay_unequal, uniq_grinder

Skill      XL: |  1  2  3  4 |
---------------+-------------+-----
Axes           | 2 3 |  3.1
Shields        | 4 |  4.2
Fighting       | 4 |  4.1
Armour         | 4 |  4.2

Action                   |  1- 3 |  4- 6 || total
-------------------------+-------+-------++-------
Melee: War axe           |    99 |    95 ||   194
  Use: Scroll            |     1 |     6 ||     7
       Potion            |       |     2 ||     2
Armor: Scale mail        |    60 |    38 ||    98
Dodge: Dodged            |    58 |    30 ||    88
Block: Buckler           |    15 |    25 ||    40

Table legend: (Time is in decaauts)
 A = Elapsed time spent in this place.
 B = Non-inter-level travel time spent in this place.
 C = Inter-level travel time spent in this place.
 D = Time resting spent in this place.
 E = Time spent auto-exploring this place.
 F = Levels seen in this place.
 G = Mean time per level.
                   A        B        C        D        E       F      G
               +--------+--------+--------+--------+--------+-----+--------+
         Total |   2839 |   2587 |    252 |      0 |   2023 |   4 |  709.8 |
       Dungeon |   2839 |   2587 |    252 |      0 |   2023 |   4 |  709.8 |
               +--------+--------+--------+--------+--------+-----+--------+

Top non-repeatable levels by time:
     D:3: 1154 daAuts
     D:1: 999 daAuts
     D:2: 671 daAuts
     D:4: 14 daAuts
